AoeStats
← Ukt0h

Arabia

509913501Analyzed
1v1 RM · 2d ago on Sep 28, 2026· 31m 38s· 2 players
Game mode
Random Map
Map size
Tiny (2 player)
Population
200
Speed
Normal
Resources
Standard
Victory
Conquest
Starting age
Dark Age
Ending age
Imperial Age
RankedLock teamsTeams togetherTeam positionsShared explorationLock speedFull tech treeHidden civsTurbo modeCheats
Victory
Defeat
🇦🇷 Magyars · Argentina
1009
+16
🇭🇰 Magyars · Hong Kong SAR China
1000
-48
Cool Spot
10:30 Feudal Age
18:06 Wheelbarrow
20:13 Loom
28:41 Castle Age
26:53 Scale Mail Armor
27:56 Double-Bit Axe
28:45 Pikeman
30:20 Chain Mail Armor
Ukt0h
7:04 Loom
9:36 Feudal Age
18:58 Double-Bit Axe
21:40 Wheelbarrow
21:24 Horse Collar
25:19 Castle Age
24:45 Bloodlines
25:06 Scale Barding Armor
26:13 Heavy Plow
27:41 Chain Barding Armor
27:43 Bow Saw
Connection lost

Rejoining the realm…

Still unreachable

The connection could not be restored.

Session expired

The server has moved on; the page needs a fresh start.